Map: Pillars of Gold LE

Players

Reynor - Winner!

  • Race: Zerg Zerg
  • League: Master
  • Spawn Location: 1:00

Serral

  • Race: Zerg Zerg
  • League: Grandmaster
  • Spawn Location: 7:00

Event: DreamHack SC2 Masters 2020 Fall

VOD

Have the link to the VOD?

Description

Time

  • Played on: Sept. 11, 2020, 2:56 p.m.
  • Length: 9:02

All games in this series

Show
View Real Time Build Order
Export as new Build Order

Reynor Zerg - Winner!

Build Orders: Hatch First 

Get SALT Encoding   

  12  0:00  Drone  
  13  0:12  Overlord  
  13  0:17  Drone  
  14  0:30  Drone  
  14  0:31  Drone  
  16  0:50  Hatchery  
  16  0:53  Drone  
  16  0:56  Drone  
  17  0:59  Drone  
  18  1:09  Extractor  
  17  1:15  Spawning Pool  
  17  1:18  Drone  
  17  1:22  Drone  
  18  1:28  Drone  
  19  1:39  Drone  
  20  1:50  Drone  
  21  2:00  Overlord  
  21  2:02  Queen, Zergling x2  
  21  2:03  Queen  
  26  2:11  Metabolic Boost  
  26  2:12  Drone  
  26  2:15  Drone  
  28  2:23  Drone, Zergling x2  
  30  2:39  Hatchery  
  30  2:41  Drone  
  30  2:43  Drone  
  31  2:47  Drone  
  32  2:52  Drone  
  32  2:57  Baneling Nest  
  32  2:59  Drone  
  32  3:02  Overlord  
  33  3:06  Drone  
  34  3:13  Zergling x4  
  36  3:20  Drone, Evolution Chamber  
  36  3:21  Drone x3  
  36  3:27  Overlord  
  39  3:30  Zergling x4  
  39  3:34  Zergling x2  
  42  3:41  Baneling x2  
  42  3:44  Queen  
  42  3:47  Zergling x6  
  47  3:50  Zergling x2  
  47  3:54  Zerg Melee Weapons Level 1  
  47  3:57  Zergling x4  
  49  4:07  Drone x5  
  49  4:09  Extractor  
  53  4:11  Zergling x2  
  54  4:19  Drone  
  54  4:20  Drone x3  
  54  4:22  Overlord  
  58  4:33  Lair  
  58  4:37  Overlord  
  58  4:44  Zergling x2  
  58  4:45  Roach Warren, Zergling x8  
  52  4:47  Zergling x2  
  52  4:48  Zergling x2  
  52  4:50  Drone  
  52  4:52  Drone  
  56  4:53  Zergling x2  
  56  4:57  Zergling x4  
  59  5:03  Baneling x2  
  59  5:08  Drone  
  59  5:13  Drone x3  
  63  5:17  Drone  
  63  5:18  Drone x3  
  63  5:20  Extractor  
  66  5:21  Overlord  
  66  5:25  Roach x4  
  74  5:34  Overlord  
  74  5:42  Roach x4  
  82  5:47  Overlord  
  82  5:49  Spine Crawler  
  81  5:51  Overlord  
  81  5:53  Roach x3  
  81  5:56  Roach  
  89  6:03  Roach x2  
  89  6:07  Zerg Missile Weapons Level 1  
  89  6:08  Zergling x6  
  89  6:09  Zergling x2  
  89  6:14  Roach  
  94  6:18  Roach x2  
  94  6:23  Roach  
  91  6:26  Roach x2  
  91  6:27  Roach x2  
  91  6:28  Zergling x2  
  95  6:33  Roach  
  95  6:38  Roach  
  89  6:41  Queen, Roach  
  89  6:45  Roach  
  85  6:47  Roach  
  85  6:50  Roach  
  82  6:55  Roach  
  82  6:57  Glial Reconstitution  
  82  6:58  Roach  
  84  7:01  Roach  
  84  7:02  Queen  
  84  7:07  Roach  
  90  7:09  Drone  
  90  7:11  Drone  
  92  7:17  Overlord  
  92  7:21  Drone  
  94  7:22  Zergling x2  
  94  7:27  Overseer  
  94  7:29  Overlord  
  94  7:32  Spine Crawler  
  94  7:35  Overlord  
  93  7:38  Roach x2  
  93  7:40  Drone  
  93  7:41  Baneling x2  
  98  7:47  Queen  
  98  7:48  Extractor, Overlord  
  98  7:50  Drone  
  98  7:51  Drone  
  101  7:54  Roach x2  
  101  7:55  Roach x2  
  101  7:57  Overseer  
  109  7:59  Overlord  
  109  8:04  Drone x2  
  111  8:10  Roach  
  111  8:11  Roach x2  
  117  8:15  Roach  
  117  8:16  Roach  
  121  8:21  Overlord  
  121  8:25  Zergling x2  
  122  8:29  Overlord  
  122  8:38  Zergling x2  
  122  8:39  Zergling x4  
  130  8:41  Roach x3  
Show
View Real Time Build Order
Export as new Build Order

Serral Zerg 

Build Orders: Hatch First 

Get SALT Encoding   

  12  0:00  Drone  
  13  0:12  Overlord  
  13  0:17  Drone  
  14  0:30  Drone  
  14  0:31  Drone  
  16  0:49  Hatchery  
  15  0:52  Drone  
  15  0:55  Drone  
  17  0:59  Drone  
  18  1:09  Extractor  
  17  1:15  Spawning Pool  
  17  1:18  Drone  
  17  1:22  Drone  
  18  1:28  Drone  
  19  1:38  Drone  
  20  1:49  Drone  
  21  2:00  Overlord  
  21  2:01  Queen x2  
  21  2:02  Zergling x2  
  26  2:10  Metabolic Boost  
  26  2:12  Drone  
  26  2:14  Drone  
  28  2:21  Drone  
  29  2:23  Drone  
  30  2:32  Drone  
  30  2:33  Zergling x2  
  32  2:41  Hatchery  
  31  2:47  Queen  
  33  2:52  Overlord  
  33  2:54  Drone  
  33  2:58  Drone  
  35  3:00  Drone  
  36  3:12  Drone x3  
  39  3:13  Zergling x2  
  39  3:14  Zergling x2  
  39  3:18  Zergling x4  
  39  3:19  Zergling x2  
  44  3:22  Overlord  
  44  3:30  Roach Warren  
  43  3:35  Zergling x2  
  43  3:37  Evolution Chamber, Zergling x2  
  44  3:46  Drone x3  
  44  3:47  Drone  
  48  3:48  Overlord  
  48  3:54  Drone  
  49  3:57  Drone  
  50  4:02  Zerg Ground Armor Level 1  
  52  4:10  Roach x4  
  60  4:17  Roach  
  60  4:20  Roach  
  61  4:26  Overlord  
  61  4:29  Roach  
  61  4:30  Zergling x6  
  66  4:32  Extractor  
  66  4:36  Zergling x2  
  66  4:47  Overlord x2  
  66  4:49  Extractor  
  65  4:56  Hatchery  
  65  4:57  Overlord  
  65  4:58  Drone x3  
  65  4:59  Drone  
  68  5:06  Roach x2  
  72  5:12  Roach x2  
  75  5:17  Roach  
  75  5:19  Roach  
  79  5:22  Roach  
  81  5:31  Roach x2  
  81  5:32  Roach  
  81  5:35  Overlord  
  87  5:38  Overlord  
  87  5:42  Zergling x4  
  89  5:48  Ravager  
  89  5:49  Ravager  
  91  5:50  Zergling x2  
  92  6:01  Zergling x12  
  91  6:06  Zergling x8  
  91  6:09  Ravager  
  91  6:10  Ravager x2  
  96  6:17  Zergling x6  
  97  6:21  Zergling x4  
  95  6:28  Zergling x6  
  87  6:35  Zergling x10  
  87  6:36  Ravager  
  89  6:40  Zergling x4  
  89  6:41  Ravager  
  89  6:44  Ravager  
  87  6:49  Zergling x8  
  81  7:01  Lair  
  77  7:02  Zerg Missile Weapons Level 1  
  77  7:06  Drone x4  
  81  7:11  Drone x3  
  81  7:14  Ravager x2  
  86  7:20  Drone x3  
  89  7:23  Overlord  
  89  7:31  Drone x2  
  89  7:32  Drone x3  
  94  7:38  Drone x4  
  94  7:42  Drone x3  
  101  7:47  Drone x3  
  104  7:51  Extractor  
  104  7:52  Extractor  
  104  7:57  Roach x4  
  110  8:03  Evolution Chamber  
  109  8:07  Overseer  
  109  8:12  Roach x3  
  115  8:18  Roach  
  115  8:19  Roach x2  
  121  8:24  Drone  
  122  8:28  Overlord x3  
  122  8:33  Overlord  
  122  8:39  Roach x5  
  122  8:40  Roach  
  119  8:42  Roach  

Tags
 
Add a new tag
Caveats
  • Supply blocks, unpowered buildings, or Contaminate may cause inaccurate times.
  • Supply counts are checked every 10 seconds.